COLORADO Avalanche vs CHICAGO Blackhawks

Created - 27 mars 2024 at 16:16

Goals
1 2 3 T
COLORADO Avalanche 2 0 2 4
CHICAGO Blackhawks 1 0 0 1
Shots
1 2 3 T
COLORADO Avalanche 18 7 9 34
CHICAGO Blackhawks 9 14 8 31

1st period

1. COLORADO Avalanche , David Pastrnak 33 (Tyson Barrie 39, Oliver Ekman-Larsson 30) at 2:24 (PP)
2. COLORADO Avalanche , Oliver Ekman-Larsson 8 (Jeff Skinner 48, Tyson Barrie 40) at 16:34 (PP)
3. CHICAGO Blackhawks , Patrick Kane 15 (Marcus Foligno 12) at 18:22 (PP)

Penalties :
Tom Wilson (CHI) for Boarding (Double Minor) at 0:24, Matt Irwin (CHI) for Interference (Minor) at 9:11, Aaron Ekblad (CHI) for Holding (Minor) at 16:08, Jordan Eberle (COL) for Tripping (Minor) at 16:45

2nd period

No Goal

Penalties :
Trevor Zegras (COL) for Roughing (Double Minor) at 12:02, Tomas Nosek (COL) for Delaying the game (Minor) at 13:52

3rd period

4. COLORADO Avalanche , Trevor Zegras 13 (Alex Iafallo 27, Tyson Barrie 41) at 3:33
5. COLORADO Avalanche , Trevor Zegras 14 (Alex Iafallo 28) at 11:51

Penalties :
Conor Sheary (CHI) for Delaying the game (Minor) at 0:26, Nicolas Hague (CHI) for Tripping (Minor) at 9:32, Trevor Zegras (COL) for Goalie Interference (Minor) at 17:32

Goalie Stats

Jonathan Quick (COL), 30 saves from 31 shots - (0,968), W, 29-25-5, 60:00 minutes
James Reimer (CHI), 30 saves from 34 shots - (0,882), L, 4-11-0, 60:00 minutes

Players Stats for COLORADO Avalanche

Player Name              G  A  P  +/- PIM S  H  SB GA TA FO     MP     PP MP  PK MP  
------------------------------------------------------------------------------------
Alex Iafallo             0  2  2   2  0   3  1  0  0  0  2/2    18:09   3:51   0:00 
Craig Smith              0  0  0   0  0   1  0  0  0  0  2/4     5:17   0:00   0:00 
David Pastrnak           1  0  1   0  0   3  2  0  0  0  0/1    18:41   4:38   0:00 
Jake DeBrusk             0  0  0   0  0   3  0  1  0  0  0/2    21:40   4:32   3:39 
Jason Zucker             0  0  0   2  0   1  3  0  0  0  2/3    19:44   2:26   3:00 
Jeff Skinner             0  1  1   0  0   5  0  0  0  0  11/30  23:55   5:51   4:35 
Jordan Eberle            0  0  0   0  2   1  0  0  0  0  2/2    10:57   0:00   0:00 
Jordie Benn              0  0  0   1  0   1  1  0  0  0  0/0    13:25   0:00   0:00 
Kris Russell             0  0  0   1  0   0  1  0  0  0  0/0    13:27   0:02   0:00 
Mark Pysyk               0  0  0   0  0   2  0  3  0  0  0/0    22:07   3:43   3:41 
Nick Foligno             0  0  0   0  0   3  1  0  0  0  2/12   15:41   0:00   0:00 
Oliver Ekman-Larsson     1  1  2   1  0   3  1  1  0  0  0/0    24:26   4:38   3:54 
Tomas Nosek              0  0  0   0  2   1  1  0  0  0  2/5    12:11   0:00   1:13 
Trevor Zegras            2  0  2   2  6   5  2  0  0  0  11/22  18:50   3:51   0:43 
Tyler Johnson            0  0  0   0  0   0  0  0  0  0  0/0     0:00   0:00   0:00 
Tyson Barrie             0  3  3   1  0   1  2  0  0  0  0/0    24:26   4:38   3:54 
Zach Aston-Reese         0  0  0   0  0   1  0  0  0  0  0/0     5:17   0:00   0:00 
Zach Bogosian            0  0  0   0  0   0  4  1  0  0  0/0    22:09   3:45   3:41 

Players Stats for CHICAGO Blackhawks

Player Name              G  A  P  +/- PIM S  H  SB GA TA FO     MP     PP MP  PK MP  
------------------------------------------------------------------------------------
Aaron Ekblad             0  0  0   0  2   3  0  0  0  0  0/0    25:29   3:19   3:59 
Brett Ritchie            0  0  0  -1  0   0  1  0  0  0  1/2     5:34   0:00   0:00 
Conor Sheary             0  0  0   0  2   3  1  0  0  0  1/3    20:58   4:13   4:13 
Eric Robinson            0  0  0  -1  0   0  1  1  0  0  0/0     5:51   0:00   0:17 
Erik Johnson             0  0  0  -1  0   1  0  0  0  0  0/0    22:15   4:16   4:24 
Jonathan Toews           0  0  0   0  0   3  1  1  0  0  17/25  23:33   3:22   2:59 
Josh Manson              0  0  0  -1  0   2  7  0  0  0  0/0    22:15   4:16   4:24 
Marcus Foligno           0  1  1  -1  0   3  3  0  0  0  2/2    12:11   2:34   0:54 
Matt Irwin               0  0  0  -1  2   0  3  1  0  0  0/0    12:14   0:00   0:00 
Matt Roy                 0  0  0   0  0   2  1  0  0  0  0/0    25:30   3:19   3:59 
Nicolas Hague            0  0  0  -1  2   0  1  1  0  0  0/0    12:14   0:00   0:00 
Patrick Kane             1  0  1   0  0   3  0  1  0  0  1/1    21:01   3:49   0:00 
Ryan Johansen            0  0  0   0  0   2  4  1  0  0  18/31  23:18   5:23   5:22 
Taylor Raddysh           0  0  0  -1  0   2  0  0  0  0  0/0     8:43   0:00   0:00 
Teuvo Teravainen         0  0  0   0  0   4  0  0  0  0  0/2    23:35   3:22   3:01 
Tom Wilson               0  0  0   0  4   1  4  0  0  0  0/0    12:34   0:02   0:00 
Trent Frederic           0  0  0  -1  0   2  2  0  0  0  7/14    8:43   0:00   0:00 
Tyler Motte              0  0  0  -1  0   0  0  0  0  0  2/3     5:34   0:00   0:00 

3 Stars

1 - Tyson Barrie (COL)
2 - Oliver Ekman-Larsson (COL)
3 - Jonathan Quick (COL)

Power Play

COLORADO Avalanche - 2 on 6 Attempt(s) - 33,33%
CHICAGO Blackhawks - 1 on 5 Attempt(s) - 20,00%

Penalty Kill

COLORADO Avalanche - 4 on 5 Attempt(s) - 80,00% - Score 0 goal in Penalty Kill
CHICAGO Blackhawks - 4 on 6 Attempt(s) - 66,67% - Score 0 goal in Penalty Kill

Team Stat

COLORADO Avalanche - Hits : 19 - Faceoff Wins : 34 - Blocked Shots : 6 - Penalty Minutes : 10
CHICAGO Blackhawks - Hits : 29 - Faceoff Wins : 49 - Blocked Shots : 6 - Penalty Minutes : 12

Official

Referees : Phillip Brooks and Corey Syvret
Linesman : Daniel Negreanu and Veronica Lovensno

Game Notes

No Game Note

Finance

Level 1 -- Attendance: 5177 (86,28%) -- Ticket Income $517,700
Level 2 -- Attendance: 4495 (89,90%) -- Ticket Income $269,700
Level 3 -- Attendance: 1976 (98,80%) -- Ticket Income $69,160
Level 4 -- Attendance: 4000 (100,00%) -- Ticket Income $80,000
Luxury Box -- Attendance: 820 (82,00%) -- Ticket Income $164,000
Game was played at the United Center.
Total Attendance: 16468 (91,49%)
Total Ticket Income: $1,100,560
Other Income: $275,140
Total Income: $1,375,700

COLORADO Avalanche

5 vs 5 Forward 
   Center                   Left Wing                Right Wing               Time % Phy DF OF 
 1 Jeff Skinner             Jake DeBrusk             David Pastrnak           40     1   2  2  
 2 Trevor Zegras            Alex Iafallo             Jason Zucker             30     1   2  2  
 3 Nick Foligno             Tomas Nosek              Jordan Eberle            20     1   2  2  
 4 Craig Smith              Zach Aston-Reese         Nick Foligno             10     1   2  2  

5 vs 5 Defense 
   Defense                  Defense                                           Time % Phy DF OF 
 1 Tyson Barrie             Oliver Ekman-Larsson                              40     1   2  2  
 2 Zach Bogosian            Mark Pysyk                                        30     1   2  2  
 3 Kris Russell             Jordie Benn                                       20     1   2  2  
 4 Tyson Barrie             Oliver Ekman-Larsson                              10     1   2  2  

PowerPlay Forward 
   Center                   Left Wing                Right Wing               Time % Phy DF OF 
 1 Jeff Skinner             Jake DeBrusk             David Pastrnak           60     1   2  2  
 2 Trevor Zegras            Alex Iafallo             Jeff Skinner             40     1   2  2  

PowerPlay Defense
   Defense                  Defense                                           Time % Phy DF OF 
 1 Tyson Barrie             Oliver Ekman-Larsson                              60     1   2  2  
 2 Zach Bogosian            Mark Pysyk                                        40     1   2  2  

Penalty Kill 4 Players Forward 
   Center                   Wing                     Time % Phy DF OF 
 1 Jeff Skinner             Jake DeBrusk             60     1   2  2  
 2 Trevor Zegras            Jason Zucker             40     1   2  2  

Penalty Kill 4 Players Defense
   Defense                  Defense                  Time % Phy DF OF 
 1 Tyson Barrie             Oliver Ekman-Larsson     60     1   2  2  
 2 Zach Bogosian            Mark Pysyk               40     1   2  2  

Penalty Kill - 3 Players Forward 
   Forward                                           Time % Phy DF OF 
 1 Jeff Skinner                                      60     1   2  2  
 2 Trevor Zegras                                     40     1   2  2  

Penalty Kill - 3 Players Defense
   Defense                  Defense                  Time % Phy DF OF 
 1 Tyson Barrie             Oliver Ekman-Larsson     60     1   2  2  
 2 Zach Bogosian            Mark Pysyk               40     1   2  2  

4 vs 4 Forward 
   Center                   Wing                     Time % Phy DF OF 
 1 Jeff Skinner             Jake DeBrusk             60     1   2  2  
 2 Trevor Zegras            Jason Zucker             40     1   2  2  

4 vs 4 Defense
   Defense                  Defense                  Time % Phy DF OF 
 1 Tyson Barrie             Oliver Ekman-Larsson     60     1   2  2  
 2 Zach Bogosian            Mark Pysyk               40     1   2  2  

Last Minutes Offensive
   Center                   Left Wing                Right Wing               Defense                  Defense                  
   Jeff Skinner             Jake DeBrusk             David Pastrnak           Tyson Barrie             Oliver Ekman-Larsson     

Last Minutes Defensive
   Center                   Left Wing                Right Wing               Defense                  Defense                  
   Jeff Skinner             Jake DeBrusk             David Pastrnak           Tyson Barrie             Oliver Ekman-Larsson     

Goaltenders
Starting : Jonathan Quick           
Backup : Magnus Hellberg          

Extra Forwards
Normal : Jason Zucker, Alex Iafallo, Trevor Zegras - PP : Jason Zucker, Alex Iafallo - PK : Jason Zucker
Extra Defensemen
Normal : Mark Pysyk, Kris Russell, Jordie Benn - PP : Mark Pysyk - PK : Mark Pysyk, Kris Russell
Penalty Shots
David Pastrnak, Jeff Skinner, Jake DeBrusk, Jordan Eberle, Jason Zucker

Scratches
None

CHICAGO Blackhawks

5 vs 5 Forward 
   Center                   Left Wing                Right Wing               Time % Phy DF OF 
 1 Jonathan Toews           Teuvo Teravainen         Patrick Kane             40     0   1  4  
 2 Ryan Johansen            Conor Sheary             Tom Wilson               30     1   1  3  
 3 Trent Frederic           Marcus Foligno           Taylor Raddysh           20     1   3  1  
 4 Tyler Motte              Eric Robinson            Brett Ritchie            10     1   3  1  

5 vs 5 Defense 
   Defense                  Defense                                           Time % Phy DF OF 
 1 Aaron Ekblad             Matt Roy                                          40     1   2  2  
 2 Erik Johnson             Josh Manson                                       30     1   2  2  
 3 Nicolas Hague            Matt Irwin                                        20     1   2  2  
 4 Aaron Ekblad             Matt Roy                                          10     1   2  2  

PowerPlay Forward 
   Center                   Left Wing                Right Wing               Time % Phy DF OF 
 1 Ryan Johansen            Conor Sheary             Patrick Kane             60     1   2  2  
 2 Jonathan Toews           Teuvo Teravainen         Ryan Johansen            40     1   2  2  

PowerPlay Defense
   Defense                  Defense                                           Time % Phy DF OF 
 1 Aaron Ekblad             Matt Roy                                          60     1   2  2  
 2 Erik Johnson             Josh Manson                                       40     1   2  2  

Penalty Kill 4 Players Forward 
   Center                   Wing                     Time % Phy DF OF 
 1 Ryan Johansen            Conor Sheary             60     1   2  2  
 2 Jonathan Toews           Teuvo Teravainen         40     1   2  2  

Penalty Kill 4 Players Defense
   Defense                  Defense                  Time % Phy DF OF 
 1 Aaron Ekblad             Matt Roy                 60     1   2  2  
 2 Erik Johnson             Josh Manson              40     1   2  2  

Penalty Kill - 3 Players Forward 
   Forward                                           Time % Phy DF OF 
 1 Ryan Johansen                                     60     1   2  2  
 2 Jonathan Toews                                    40     1   2  2  

Penalty Kill - 3 Players Defense
   Defense                  Defense                  Time % Phy DF OF 
 1 Aaron Ekblad             Matt Roy                 60     1   2  2  
 2 Erik Johnson             Josh Manson              40     1   2  2  

4 vs 4 Forward 
   Center                   Wing                     Time % Phy DF OF 
 1 Ryan Johansen            Conor Sheary             60     1   2  2  
 2 Jonathan Toews           Teuvo Teravainen         40     1   2  2  

4 vs 4 Defense
   Defense                  Defense                  Time % Phy DF OF 
 1 Aaron Ekblad             Matt Roy                 60     1   2  2  
 2 Erik Johnson             Josh Manson              40     1   2  2  

Last Minutes Offensive
   Center                   Left Wing                Right Wing               Defense                  Defense                  
   Ryan Johansen            Conor Sheary             Patrick Kane             Aaron Ekblad             Matt Roy                 

Last Minutes Defensive
   Center                   Left Wing                Right Wing               Defense                  Defense                  
   Ryan Johansen            Conor Sheary             Patrick Kane             Aaron Ekblad             Matt Roy                 

Goaltenders
Starting : James Reimer             
Backup : Frederik Andersen        

Extra Forwards
Normal : Marcus Foligno, Jonathan Toews, Trent Frederic - PP : Marcus Foligno, Jonathan Toews - PK : Marcus Foligno
Extra Defensemen
Normal : Josh Manson, Nicolas Hague, Matt Irwin - PP : Josh Manson - PK : Josh Manson, Nicolas Hague
Penalty Shots
Patrick Kane, Conor Sheary, Teuvo Teravainen, Ryan Johansen, Marcus Foligno

Scratches
Jakub Vrana (Healthy)

% Time on Ice - COLORADO Avalanche

Lines # - Real PCT - Wanted PCT - Time Play
Normal Forward
1 - 31% - 40% - 13:29
2 - 32% - 30% - 14:18
3 - 25% - 20% - 10:58
4 - 12% - 10% - 5:17
Normal Defense
1 - 34% - 40% - 15:02
2 - 33% - 30% - 14:43
3 - 30% - 20% - 13:25
4 - 2% - 10% - 0:52
PP Forward
1 - 54% - 60% - 4:32
2 - 46% - 40% - 3:51
PP Defense
1 - 55% - 60% - 4:38
2 - 45% - 40% - 3:45
PK Forward
1 - 65% - 60% - 3:39
2 - 35% - 40% - 1:57
PK Defense
1 - 50% - 60% - 2:49
2 - 50% - 40% - 2:47
PK3 Forward
1 - 47% - 60% - 0:56
2 - 53% - 40% - 1:03
PK3 Defense
1 - 55% - 60% - 1:05
2 - 45% - 40% - 0:54
44 Forward
1 - 0% - 60%
2 - 0% - 40%
44 Defense
1 - 0% - 60%
2 - 0% - 40%
Last Minute Offensive  - 0:00
Last Minute Defensive  - 0:00
Total
Forward - 60:00
Defense - 60:00

% Time on Ice - CHICAGO Blackhawks

Lines # - Real PCT - Wanted PCT - Time Play
Normal Forward
1 - 39% - 40% - 17:12
2 - 29% - 30% - 12:33
3 - 20% - 20% - 8:43
4 - 13% - 10% - 5:34
Normal Defense
1 - 38% - 40% - 16:54
2 - 31% - 30% - 13:35
3 - 28% - 20% - 12:15
4 - 3% - 10% - 1:18
PP Forward
1 - 56% - 60% - 4:13
2 - 44% - 40% - 3:22
PP Defense
1 - 44% - 60% - 3:19
2 - 56% - 40% - 4:16
PK Forward
1 - 74% - 60% - 6:14
2 - 26% - 40% - 2:09
PK Defense
1 - 48% - 60% - 3:59
2 - 52% - 40% - 4:24
PK3 Forward
1 - 0% - 60%
2 - 0% - 40%
PK3 Defense
1 - 0% - 60%
2 - 0% - 40%
44 Forward
1 - 0% - 60%
2 - 0% - 40%
44 Defense
1 - 0% - 60%
2 - 0% - 40%
Last Minute Offensive  - 0:00
Last Minute Defensive  - 0:00
Total
Forward - 60:00
Defense - 60:00

Play-by-Play

1st period


0:01 of 1st period - Jonathan Toews wins face-off versus David Pastrnak in neutral zone.
0:08 of 1st period - Shot by Patrick Kane.
0:08 of 1st period - Deflect By Jonathan Toews.
0:08 of 1st period - Stopped by Jonathan Quick with a rebound.
0:10 of 1st period - Shot by Jonathan Toews.
0:10 of 1st period - Shot Misses the Net.
0:18 of 1st period - Shot by Patrick Kane.
0:18 of 1st period - Shot Misses the Net.
0:22 of 1st period - Shot by Teuvo Teravainen.
0:22 of 1st period - Stopped by Jonathan Quick without a rebound.
0:23 of 1st period - Trevor Zegras wins face-off versus Ryan Johansen in COLORADO Avalanche zone.
0:23 of 1st period - Trevor Zegras is hit by Ryan Johansen.
0:24 of 1st period - Double Minor Penalty to Tom Wilson for Boarding.
0:25 of 1st period - Jeff Skinner wins face-off versus Ryan Johansen in CHICAGO Blackhawks zone.
0:26 of 1st period - Shot by Oliver Ekman-Larsson.
0:26 of 1st period - Stopped by James Reimer without a rebound.
0:27 of 1st period - Ryan Johansen wins face-off versus Jeff Skinner in CHICAGO Blackhawks zone.
1:02 of 1st period - Shot by Jeff Skinner.
1:02 of 1st period - Stopped by James Reimer without a rebound.
1:03 of 1st period - Ryan Johansen wins face-off versus Trevor Zegras in CHICAGO Blackhawks zone.
1:16 of 1st period - Shot by Alex Iafallo.
1:16 of 1st period - Shot Blocked by Ryan Johansen.
1:18 of 1st period - Shot by Alex Iafallo.
1:18 of 1st period - Stopped by James Reimer without a rebound.
1:19 of 1st period - Trevor Zegras wins face-off versus Jonathan Toews in CHICAGO Blackhawks zone.
2:20 of 1st period - Shot by David Pastrnak.
2:20 of 1st period - Shot Misses the Net.
2:22 of 1st period - Shot by Tyson Barrie.
2:22 of 1st period - Shot Misses the Net.
2:24 of 1st period - Shot by David Pastrnak.
2:24 of 1st period - Goal by David Pastrnak - COLORADO Avalanche : 1 - CHICAGO Blackhawks : 0.
2:25 of 1st period - Tomas Nosek wins face-off versus Trent Frederic in neutral zone.
2:25 of 1st period - Jordan Eberle is hit by Marcus Foligno and loses puck.
2:40 of 1st period - Shot by Trent Frederic.
2:40 of 1st period - Stopped by Jonathan Quick without a rebound.
2:41 of 1st period - Trevor Zegras wins face-off versus Ryan Johansen in COLORADO Avalanche zone.
2:41 of 1st period - Trevor Zegras is hit by Ryan Johansen.
3:02 of 1st period - Icing by Tyson Barrie.
3:03 of 1st period - Trevor Zegras wins face-off versus Jonathan Toews in COLORADO Avalanche zone.
3:08 of 1st period - Erik Johnson is hit by Alex Iafallo and loses puck.
3:26 of 1st period - Shot by Jonathan Toews.
3:26 of 1st period - Stopped by Jonathan Quick without a rebound.
3:27 of 1st period - Jeff Skinner wins face-off versus Ryan Johansen in COLORADO Avalanche zone.
3:27 of 1st period - David Pastrnak is hit by Conor Sheary and loses puck.
3:48 of 1st period - Conor Sheary is hit by Zach Bogosian.
3:50 of 1st period - Shot by Aaron Ekblad.
3:50 of 1st period - Shot Misses the Net.
4:04 of 1st period - Shot by Conor Sheary.
4:04 of 1st period - Shot Misses the Net.
4:35 of 1st period - Jordan Eberle is hit by Josh Manson and loses puck.
5:06 of 1st period - Shot by Nick Foligno.
5:06 of 1st period - Stopped by James Reimer without a rebound.
5:07 of 1st period - Trent Frederic wins face-off versus Jason Zucker in CHICAGO Blackhawks zone.
5:30 of 1st period - Shot by Taylor Raddysh.
5:30 of 1st period - Shot Misses the Net.
6:37 of 1st period - Shot by Jake DeBrusk.
6:37 of 1st period - Stopped by James Reimer without a rebound.
6:38 of 1st period - Jonathan Toews wins face-off versus Nick Foligno in CHICAGO Blackhawks zone.
7:42 of 1st period - Icing by Jordie Benn.
7:43 of 1st period - Craig Smith wins face-off versus Ryan Johansen in COLORADO Avalanche zone.
8:17 of 1st period - Conor Sheary is hit by Zach Bogosian and loses puck.
8:30 of 1st period - Shot by David Pastrnak.
8:30 of 1st period - Shot Misses the Net.
8:32 of 1st period - Shot by Mark Pysyk.
8:32 of 1st period - Stopped by James Reimer without a rebound.
8:33 of 1st period - Jason Zucker wins face-off versus Trent Frederic in CHICAGO Blackhawks zone.
8:34 of 1st period - Shot by Alex Iafallo.
8:34 of 1st period - Deflect By Jason Zucker.
8:34 of 1st period - Shot Misses the Net.
8:39 of 1st period - Off-side.
8:40 of 1st period - Trent Frederic wins face-off versus Trevor Zegras in neutral zone.
8:54 of 1st period - Matt Irwin is hit by Tyson Barrie and loses puck.
9:06 of 1st period - Icing by Nicolas Hague.
9:07 of 1st period - Jeff Skinner wins face-off versus Trent Frederic in CHICAGO Blackhawks zone.
9:07 of 1st period - Jeff Skinner is hit by Matt Irwin.
9:11 of 1st period - Shot by David Pastrnak.
9:11 of 1st period - Stopped by James Reimer without a rebound.
9:11 of 1st period - Minor Penalty to Matt Irwin for Interference.
9:12 of 1st period - Ryan Johansen wins face-off versus Jeff Skinner in CHICAGO Blackhawks zone.
9:25 of 1st period - Shot by David Pastrnak.
9:25 of 1st period - Stopped by James Reimer without a rebound.
9:26 of 1st period - Trevor Zegras wins face-off versus Ryan Johansen in CHICAGO Blackhawks zone.
9:43 of 1st period - Shot by Jeff Skinner.
9:43 of 1st period - Stopped by James Reimer without a rebound.
9:44 of 1st period - Ryan Johansen wins face-off versus Jeff Skinner in CHICAGO Blackhawks zone.
9:57 of 1st period - Shot by Jake DeBrusk.
9:57 of 1st period - Stopped by James Reimer without a rebound.
9:58 of 1st period - Ryan Johansen wins face-off versus Trevor Zegras in CHICAGO Blackhawks zone.
10:35 of 1st period - Shot by Trevor Zegras.
10:35 of 1st period - Stopped by James Reimer with a rebound.
10:39 of 1st period - Shot by Alex Iafallo.
10:39 of 1st period - Shot Misses the Net.
11:26 of 1st period - Off-side.
11:27 of 1st period - Trent Frederic wins face-off versus Craig Smith in neutral zone.
11:51 of 1st period - Nick Foligno is hit by Josh Manson and loses puck.
12:25 of 1st period - Icing by Josh Manson.
12:26 of 1st period - Jeff Skinner wins face-off versus Trent Frederic in CHICAGO Blackhawks zone.
12:26 of 1st period - David Pastrnak is hit by Josh Manson and loses puck.
12:31 of 1st period - Shot by Jake DeBrusk.
12:31 of 1st period - Shot Misses the Net.
12:33 of 1st period - Shot by Jake DeBrusk.
12:33 of 1st period - Shot Misses the Net.
12:35 of 1st period - Shot by Tyson Barrie.
12:35 of 1st period - Shot Misses the Net.
12:37 of 1st period - Shot by Tyson Barrie.
12:37 of 1st period - Stopped by James Reimer without a rebound.
12:38 of 1st period - Jonathan Toews wins face-off versus Trevor Zegras in CHICAGO Blackhawks zone.
13:00 of 1st period - Shot by Teuvo Teravainen.
13:00 of 1st period - Shot Misses the Net.
13:02 of 1st period - Shot by Jonathan Toews.
13:02 of 1st period - Shot Misses the Net.
13:33 of 1st period - Icing by Zach Bogosian.
13:34 of 1st period - Trevor Zegras wins face-off versus Ryan Johansen in COLORADO Avalanche zone.
14:44 of 1st period - Shot by Jeff Skinner.
14:44 of 1st period - Shot Misses the Net.
14:46 of 1st period - Shot by Oliver Ekman-Larsson.
14:46 of 1st period - Stopped by James Reimer without a rebound.
14:47 of 1st period - Jordan Eberle wins face-off versus Teuvo Teravainen in CHICAGO Blackhawks zone.
14:48 of 1st period - Shot by Tyson Barrie.
14:48 of 1st period - Shot Misses the Net.
14:54 of 1st period - Shot by Nick Foligno.
14:54 of 1st period - Stopped by James Reimer without a rebound.
14:55 of 1st period - Jeff Skinner wins face-off versus Jonathan Toews in CHICAGO Blackhawks zone.
15:01 of 1st period - Icing by Matt Roy.
15:02 of 1st period - Jonathan Toews wins face-off versus Jake DeBrusk in CHICAGO Blackhawks zone.
15:02 of 1st period - Jonathan Toews is hit by David Pastrnak.
15:33 of 1st period - Shot by David Pastrnak.
15:33 of 1st period - Shot Misses the Net.
15:35 of 1st period - Shot by Oliver Ekman-Larsson.
15:35 of 1st period - Shot Blocked by Jonathan Toews.
16:08 of 1st period - Minor Penalty to Aaron Ekblad for Holding.
16:09 of 1st period - Trevor Zegras wins face-off versus Ryan Johansen in CHICAGO Blackhawks zone.
16:12 of 1st period - Shot by Alex Iafallo.
16:12 of 1st period - Shot Misses the Net.
16:14 of 1st period - Shot by Mark Pysyk.
16:14 of 1st period - Stopped by James Reimer without a rebound.
16:15 of 1st period - Ryan Johansen wins face-off versus Trevor Zegras in CHICAGO Blackhawks zone.
16:32 of 1st period - Shot by Jeff Skinner.
16:32 of 1st period - Stopped by James Reimer with a rebound.
16:34 of 1st period - Shot by Oliver Ekman-Larsson.
16:34 of 1st period - Goal by Oliver Ekman-Larsson - COLORADO Avalanche : 2 - CHICAGO Blackhawks : 0.
16:35 of 1st period - Trent Frederic wins face-off versus Nick Foligno in neutral zone.
16:45 of 1st period - Minor Penalty to Jordan Eberle for Tripping.
16:46 of 1st period - Ryan Johansen wins face-off versus Jeff Skinner in COLORADO Avalanche zone.
17:23 of 1st period - Shot by Erik Johnson.
17:23 of 1st period - Shot Blocked by Jake DeBrusk.
17:25 of 1st period - Shot by Josh Manson.
17:25 of 1st period - Shot Blocked by Mark Pysyk.
17:47 of 1st period - Shot by Matt Roy.
17:47 of 1st period - Stopped by Jonathan Quick without a rebound.
17:48 of 1st period - Trevor Zegras wins face-off versus Teuvo Teravainen in COLORADO Avalanche zone.
17:48 of 1st period - Trevor Zegras is hit by Jonathan Toews.
18:20 of 1st period - Shot by Aaron Ekblad.
18:20 of 1st period - Stopped by Jonathan Quick without a rebound.
18:21 of 1st period - Marcus Foligno wins face-off versus Jeff Skinner in COLORADO Avalanche zone.
18:22 of 1st period - Shot by Patrick Kane.
18:22 of 1st period - Goal by Patrick Kane - COLORADO Avalanche : 2 - CHICAGO Blackhawks : 1.
18:23 of 1st period - Trent Frederic wins face-off versus Nick Foligno in neutral zone.
18:26 of 1st period - Shot by Taylor Raddysh.
18:26 of 1st period - Stopped by Jonathan Quick without a rebound.
18:27 of 1st period - Tyler Motte wins face-off versus Nick Foligno in COLORADO Avalanche zone.
18:43 of 1st period - Icing by Oliver Ekman-Larsson.
18:44 of 1st period - Jonathan Toews wins face-off versus Nick Foligno in COLORADO Avalanche zone.
19:57 of 1st period - Shot by Ryan Johansen.
19:57 of 1st period - Stopped by Jonathan Quick without a rebound.
19:58 of 1st period - Trevor Zegras wins face-off versus Conor Sheary in COLORADO Avalanche zone.
Goals for this period are 2 for COLORADO Avalanche vs 1 for CHICAGO Blackhawks.
Shots for this period are 18 for COLORADO Avalanche vs 9 for CHICAGO Blackhawks.

2nd period


0:01 of 2nd period - Ryan Johansen wins face-off versus Jeff Skinner in neutral zone.
0:15 of 2nd period - Off-side.
0:16 of 2nd period - Jason Zucker wins face-off versus Jonathan Toews in neutral zone.
1:30 of 2nd period - Icing by Conor Sheary.
1:31 of 2nd period - Ryan Johansen wins face-off versus Jeff Skinner in CHICAGO Blackhawks zone.
1:33 of 2nd period - Icing by Aaron Ekblad.
1:34 of 2nd period - Ryan Johansen wins face-off versus Jeff Skinner in CHICAGO Blackhawks zone.
2:09 of 2nd period - Shot by Ryan Johansen.
2:09 of 2nd period - Shot Blocked by Oliver Ekman-Larsson.
3:23 of 2nd period - Icing by Patrick Kane.
3:24 of 2nd period - Jonathan Toews wins face-off versus Trevor Zegras in CHICAGO Blackhawks zone.
3:24 of 2nd period - Jonathan Toews is hit by Trevor Zegras.
3:27 of 2nd period - Icing by Patrick Kane.
3:28 of 2nd period - Trevor Zegras wins face-off versus Jonathan Toews in CHICAGO Blackhawks zone.
3:57 of 2nd period - Shot by Jason Zucker.
3:57 of 2nd period - Deflect By Trevor Zegras.
3:57 of 2nd period - Stopped by James Reimer without a rebound.
3:58 of 2nd period - Ryan Johansen wins face-off versus Jeff Skinner in CHICAGO Blackhawks zone.
3:58 of 2nd period - Ryan Johansen is hit by David Pastrnak.
4:09 of 2nd period - David Pastrnak is hit by Tom Wilson.
5:09 of 2nd period - Shot by Jonathan Toews.
5:09 of 2nd period - Shot Blocked by Zach Bogosian.
5:21 of 2nd period - Shot by Patrick Kane.
5:21 of 2nd period - Shot Blocked by Mark Pysyk.
5:23 of 2nd period - Shot by Patrick Kane.
5:23 of 2nd period - Stopped by Jonathan Quick without a rebound.
5:24 of 2nd period - Nick Foligno wins face-off versus Trent Frederic in COLORADO Avalanche zone.
5:24 of 2nd period - Nick Foligno is hit by Marcus Foligno.
5:32 of 2nd period - Shot by Nick Foligno.
5:32 of 2nd period - Stopped by James Reimer without a rebound.
5:33 of 2nd period - Jonathan Toews wins face-off versus Nick Foligno in CHICAGO Blackhawks zone.
5:56 of 2nd period - Shot by Teuvo Teravainen.
5:56 of 2nd period - Stopped by Jonathan Quick with a rebound.
6:26 of 2nd period - Shot by Trent Frederic.
6:26 of 2nd period - Stopped by Jonathan Quick without a rebound.
6:27 of 2nd period - Ryan Johansen wins face-off versus Jeff Skinner in COLORADO Avalanche zone.
7:53 of 2nd period - Shot by Taylor Raddysh.
7:53 of 2nd period - Deflect By Marcus Foligno.
7:53 of 2nd period - Stopped by Jonathan Quick without a rebound.
7:54 of 2nd period - Jonathan Toews wins face-off versus Nick Foligno in COLORADO Avalanche zone.
7:59 of 2nd period - Shot by Teuvo Teravainen.
7:59 of 2nd period - Shot Misses the Net.
8:08 of 2nd period - Tomas Nosek is hit by Matt Irwin.
8:12 of 2nd period - Shot by Jordan Eberle.
8:12 of 2nd period - Deflect By Tomas Nosek.
8:12 of 2nd period - Stopped by James Reimer without a rebound.
8:13 of 2nd period - Tyler Motte wins face-off versus Trevor Zegras in CHICAGO Blackhawks zone.
8:13 of 2nd period - Tyler Motte is hit by Jason Zucker.
8:47 of 2nd period - Alex Iafallo is hit by Eric Robinson and loses puck.
9:23 of 2nd period - Icing by Teuvo Teravainen.
9:24 of 2nd period - Jonathan Toews wins face-off versus Jeff Skinner in CHICAGO Blackhawks zone.
9:53 of 2nd period - Shot by Jeff Skinner.
9:53 of 2nd period - Stopped by James Reimer without a rebound.
9:54 of 2nd period - Ryan Johansen wins face-off versus Nick Foligno in CHICAGO Blackhawks zone.
10:02 of 2nd period - Shot by Tomas Nosek.
10:02 of 2nd period - Shot Misses the Net.
10:53 of 2nd period - Off-side.
10:54 of 2nd period - Jonathan Toews wins face-off versus Jake DeBrusk in neutral zone.
10:56 of 2nd period - Matt Roy is hit by Tyson Barrie and loses puck.
11:25 of 2nd period - David Pastrnak is hit by Matt Roy and loses puck.
11:49 of 2nd period - Shot by Jason Zucker.
11:49 of 2nd period - Stopped by James Reimer with a rebound.
11:51 of 2nd period - Shot by Mark Pysyk.
11:51 of 2nd period - Shot Misses the Net.
12:02 of 2nd period - Double Minor Penalty to Trevor Zegras for Roughing.
12:03 of 2nd period - Ryan Johansen wins face-off versus Jeff Skinner in COLORADO Avalanche zone.
12:26 of 2nd period - Shot by Josh Manson.
12:26 of 2nd period - Stopped by Jonathan Quick without a rebound.
12:27 of 2nd period - Tomas Nosek wins face-off versus Conor Sheary in COLORADO Avalanche zone.
12:40 of 2nd period - Shot by Conor Sheary.
12:40 of 2nd period - Stopped by Jonathan Quick without a rebound.
12:41 of 2nd period - Jonathan Toews wins face-off versus Tomas Nosek in COLORADO Avalanche zone.
12:50 of 2nd period - Shot by Matt Roy.
12:50 of 2nd period - Stopped by Jonathan Quick with a rebound.
12:58 of 2nd period - Shot by Jonathan Toews.
12:58 of 2nd period - Stopped by Jonathan Quick without a rebound.
12:59 of 2nd period - Jeff Skinner wins face-off versus Ryan Johansen in COLORADO Avalanche zone.
13:43 of 2nd period - Icing by Erik Johnson.
13:44 of 2nd period - Ryan Johansen wins face-off versus Tomas Nosek in CHICAGO Blackhawks zone.
13:52 of 2nd period - Minor Penalty to Tomas Nosek for Delaying the game.
13:53 of 2nd period - Jonathan Toews wins face-off versus Jeff Skinner in COLORADO Avalanche zone.
14:04 of 2nd period - Shot by Aaron Ekblad.
14:04 of 2nd period - Stopped by Jonathan Quick without a rebound.
14:05 of 2nd period - Jonathan Toews wins face-off versus Jeff Skinner in COLORADO Avalanche zone.
14:36 of 2nd period - Shot by Marcus Foligno.
14:36 of 2nd period - Shot Misses the Net.
14:40 of 2nd period - Shot by Aaron Ekblad.
14:40 of 2nd period - Shot Blocked by Mark Pysyk.
14:42 of 2nd period - Shot by Teuvo Teravainen.
14:42 of 2nd period - Shot Misses the Net.
14:58 of 2nd period - Shot by Conor Sheary.
14:58 of 2nd period - Stopped by Jonathan Quick without a rebound.
14:59 of 2nd period - Ryan Johansen wins face-off versus Jeff Skinner in COLORADO Avalanche zone.
15:08 of 2nd period - Shot by Ryan Johansen.
15:08 of 2nd period - Shot Misses the Net.
15:14 of 2nd period - Shot by Ryan Johansen.
15:14 of 2nd period - Stopped by Jonathan Quick with a rebound.
15:16 of 2nd period - Shot by Conor Sheary.
15:16 of 2nd period - Shot Misses the Net.
15:57 of 2nd period - Shot by Aaron Ekblad.
15:57 of 2nd period - Stopped by Jonathan Quick with a rebound.
15:59 of 2nd period - Shot by Marcus Foligno.
15:59 of 2nd period - Stopped by Jonathan Quick without a rebound.
16:00 of 2nd period - Jonathan Toews wins face-off versus Jeff Skinner in COLORADO Avalanche zone.
16:01 of 2nd period - Shot by Tom Wilson.
16:01 of 2nd period - Deflect By Teuvo Teravainen.
16:01 of 2nd period - Stopped by Jonathan Quick with a rebound.
16:09 of 2nd period - Shot by Nick Foligno.
16:09 of 2nd period - Shot Misses the Net.
16:11 of 2nd period - Shot by Nick Foligno.
16:11 of 2nd period - Shot Misses the Net.
16:13 of 2nd period - Shot by Zach Aston-Reese.
16:13 of 2nd period - Stopped by James Reimer without a rebound.
16:14 of 2nd period - Jordan Eberle wins face-off versus Tyler Motte in CHICAGO Blackhawks zone.
16:21 of 2nd period - Zach Bogosian is hit by Brett Ritchie and loses puck.
16:57 of 2nd period - Icing by Jordan Eberle.
16:58 of 2nd period - Conor Sheary wins face-off versus Nick Foligno in COLORADO Avalanche zone.
16:58 of 2nd period - Aaron Ekblad is hit by Zach Bogosian and loses puck.
18:33 of 2nd period - Shot by Alex Iafallo.
18:33 of 2nd period - Stopped by James Reimer with a rebound.
18:35 of 2nd period - Shot by Alex Iafallo.
18:35 of 2nd period - Shot Misses the Net.
19:45 of 2nd period - Jake DeBrusk is hit by Matt Irwin and loses puck.
Goals for this period are 0 for COLORADO Avalanche vs 0 for CHICAGO Blackhawks.
Shots for this period are 7 for COLORADO Avalanche vs 14 for CHICAGO Blackhawks.

3rd period


0:01 of 3rd period - Jeff Skinner wins face-off versus Jonathan Toews in neutral zone.
0:08 of 3rd period - Shot by Patrick Kane.
0:08 of 3rd period - Shot Misses the Net.
0:10 of 3rd period - Shot by Patrick Kane.
0:10 of 3rd period - Stopped by Jonathan Quick without a rebound.
0:11 of 3rd period - Trevor Zegras wins face-off versus Ryan Johansen in COLORADO Avalanche zone.
0:11 of 3rd period - Alex Iafallo is hit by Tom Wilson and loses puck.
0:17 of 3rd period - Trevor Zegras is hit by Ryan Johansen and loses puck.
0:26 of 3rd period - Minor Penalty to Conor Sheary for Delaying the game.
0:27 of 3rd period - Ryan Johansen wins face-off versus Jeff Skinner in CHICAGO Blackhawks zone.
0:53 of 3rd period - David Pastrnak is hit by Josh Manson and loses puck.
1:01 of 3rd period - Jeff Skinner is hit by Josh Manson and loses puck.
2:19 of 3rd period - Jeff Skinner is hit by Josh Manson and loses puck.
2:22 of 3rd period - Shot by David Pastrnak.
2:22 of 3rd period - Shot Blocked by Eric Robinson.
2:54 of 3rd period - Eric Robinson is hit by Tomas Nosek and loses puck.
3:33 of 3rd period - Shot by Alex Iafallo.
3:33 of 3rd period - Deflect By Trevor Zegras.
3:33 of 3rd period - Goal by Trevor Zegras - COLORADO Avalanche : 3 - CHICAGO Blackhawks : 1.
3:34 of 3rd period - Jeff Skinner wins face-off versus Jonathan Toews in neutral zone.
5:26 of 3rd period - Shot by Josh Manson.
5:26 of 3rd period - Stopped by Jonathan Quick without a rebound.
5:27 of 3rd period - Trent Frederic wins face-off versus Craig Smith in COLORADO Avalanche zone.
5:27 of 3rd period - Nicolas Hague is hit by Jordie Benn and loses puck.
5:32 of 3rd period - Shot by Taylor Raddysh.
5:32 of 3rd period - Stopped by Jonathan Quick without a rebound.
5:33 of 3rd period - Trent Frederic wins face-off versus Jeff Skinner in COLORADO Avalanche zone.
6:08 of 3rd period - Jake DeBrusk is hit by Nicolas Hague and loses puck.
6:29 of 3rd period - Nick Foligno is hit by Trent Frederic and loses puck.
7:18 of 3rd period - Oliver Ekman-Larsson is hit by Tom Wilson.
7:31 of 3rd period - Conor Sheary is hit by Oliver Ekman-Larsson and loses puck.
7:50 of 3rd period - Shot by Trevor Zegras.
7:50 of 3rd period - Shot Misses the Net.
7:52 of 3rd period - Shot by Alex Iafallo.
7:52 of 3rd period - Stopped by James Reimer with a rebound.
8:46 of 3rd period - Matt Roy is hit by Nick Foligno and loses puck.
9:00 of 3rd period - Icing by Zach Aston-Reese.
9:01 of 3rd period - Craig Smith wins face-off versus Trent Frederic in COLORADO Avalanche zone.
9:01 of 3rd period - Craig Smith is hit by Marcus Foligno.
9:19 of 3rd period - Shot by Craig Smith.
9:19 of 3rd period - Stopped by James Reimer with a rebound.
9:32 of 3rd period - Minor Penalty to Nicolas Hague for Tripping.
9:33 of 3rd period - Jeff Skinner wins face-off versus Ryan Johansen in CHICAGO Blackhawks zone.
9:34 of 3rd period - Shot by David Pastrnak.
9:34 of 3rd period - Shot Misses the Net.
10:40 of 3rd period - Alex Iafallo is hit by Josh Manson and loses puck.
11:29 of 3rd period - Shot by Jeff Skinner.
11:29 of 3rd period - Stopped by James Reimer without a rebound.
11:30 of 3rd period - Marcus Foligno wins face-off versus Trevor Zegras in CHICAGO Blackhawks zone.
11:30 of 3rd period - Marcus Foligno is hit by Trevor Zegras.
11:38 of 3rd period - Shot by Teuvo Teravainen.
11:38 of 3rd period - Stopped by Jonathan Quick without a rebound.
11:39 of 3rd period - Nick Foligno wins face-off versus Trent Frederic in COLORADO Avalanche zone.
11:39 of 3rd period - Nick Foligno is hit by Trent Frederic.
11:47 of 3rd period - Shot by Jordan Eberle.
11:47 of 3rd period - Stopped by James Reimer with a rebound.
11:49 of 3rd period - Shot by Jordie Benn.
11:49 of 3rd period - Stopped by James Reimer without a rebound.
11:50 of 3rd period - Alex Iafallo wins face-off versus Brett Ritchie in CHICAGO Blackhawks zone.
11:51 of 3rd period - Shot by Trevor Zegras.
11:51 of 3rd period - Goal by Trevor Zegras - COLORADO Avalanche : 4 - CHICAGO Blackhawks : 1.
11:52 of 3rd period - Jonathan Toews wins face-off versus Trevor Zegras in neutral zone.
11:59 of 3rd period - Shot by Jonathan Toews.
11:59 of 3rd period - Shot Misses the Net.
12:12 of 3rd period - Icing by Jordie Benn.
12:13 of 3rd period - Alex Iafallo wins face-off versus Ryan Johansen in COLORADO Avalanche zone.
12:13 of 3rd period - Alex Iafallo is hit by Tom Wilson.
12:52 of 3rd period - Kris Russell is hit by Ryan Johansen and loses puck.
12:58 of 3rd period - Conor Sheary is hit by Kris Russell and loses puck.
13:54 of 3rd period - Shot by Jake DeBrusk.
13:54 of 3rd period - Stopped by James Reimer with a rebound.
13:56 of 3rd period - Shot by David Pastrnak.
13:56 of 3rd period - Shot Blocked by Patrick Kane.
15:08 of 3rd period - Shot by Craig Smith.
15:08 of 3rd period - Shot Misses the Net.
15:26 of 3rd period - Shot by Trevor Zegras.
15:26 of 3rd period - Stopped by James Reimer without a rebound.
15:27 of 3rd period - Ryan Johansen wins face-off versus Trevor Zegras in CHICAGO Blackhawks zone.
15:27 of 3rd period - Aaron Ekblad is hit by Jason Zucker and loses puck.
15:52 of 3rd period - Shot by Ryan Johansen.
15:52 of 3rd period - Deflect By Tom Wilson.
15:52 of 3rd period - Stopped by Jonathan Quick without a rebound.
15:53 of 3rd period - Brett Ritchie wins face-off versus Nick Foligno in COLORADO Avalanche zone.
16:15 of 3rd period - Eric Robinson is hit by Zach Bogosian.
17:17 of 3rd period - Off-side.
17:18 of 3rd period - Jonathan Toews wins face-off versus Trevor Zegras in neutral zone.
17:18 of 3rd period - Patrick Kane is hit by Jason Zucker and loses puck.
17:32 of 3rd period - Minor Penalty to Trevor Zegras for Goalie Interference.
17:33 of 3rd period - Jeff Skinner wins face-off versus Ryan Johansen in COLORADO Avalanche zone.
18:02 of 3rd period - Shot by Erik Johnson.
18:02 of 3rd period - Stopped by Jonathan Quick without a rebound.
18:03 of 3rd period - Jonathan Toews wins face-off versus Jeff Skinner in COLORADO Avalanche zone.
19:12 of 3rd period - Shot by Conor Sheary.
19:12 of 3rd period - Stopped by Jonathan Quick without a rebound.
19:13 of 3rd period - Patrick Kane wins face-off versus Tomas Nosek in COLORADO Avalanche zone.
19:20 of 3rd period - Shot by Marcus Foligno.
19:20 of 3rd period - Stopped by Jonathan Quick without a rebound.
19:21 of 3rd period - Jeff Skinner wins face-off versus Jonathan Toews in COLORADO Avalanche zone.
19:42 of 3rd period - Shot by Zach Aston-Reese.
19:42 of 3rd period - Shot Blocked by Matt Irwin.
19:44 of 3rd period - Shot by Nick Foligno.
19:44 of 3rd period - Deflect By Zach Aston-Reese.
19:44 of 3rd period - Shot Misses the Net.
19:58 of 3rd period - Shot by Craig Smith.
19:58 of 3rd period - Shot Blocked by Nicolas Hague.
Goals for this period are 2 for COLORADO Avalanche vs 0 for CHICAGO Blackhawks.
Shots for this period are 9 for COLORADO Avalanche vs 8 for CHICAGO Blackhawks. Output by the SimonT Hockey Simulator (STHS) for Martin Benoit - Original Page W3C HTML5 Valid
Hockey Simulator - Hockey Simulation - Hockey Manager